 Dungeon Crawl Stone Soup version 0.27.0-1-g7a089689b8 (webtiles) character file.

Game seed: 2305428577961188212

372 inmateoo the Skirmisher (level 6, 0/51 HPs)
             Began as a Demonspawn Monk on Aug 6, 2021.
             Was a Believer of Cheibriados.
             Slain by a phantom (3 damage)
             ... on level 4 of the Dungeon.
             The game lasted 00:04:24 (5130 turns).

inmateoo the Skirmisher (Demonspawn Monk)           Turns: 5130, Time: 00:04:25

Health: 0/51       AC:  8    Str: 15    XL:     6   Next: 43%
Magic:  6/6        EV: 12    Int: 18    God:    Cheibriados [**....]
Gold:   130        SH:  5    Dex: 19    Spells: 5/5 levels left

rFire    . . .     SeeInvis .     - Unarmed
rCold    . . .     Faith    .   (no shield)
rNeg     . . .     Spirit   .   b - +0 ring mail
rPois    .         Reflect  +   (helmet restricted)
rElec    .         Harm     .   (no cloak)
rCorr    .         Rampage  .   n - +0 pair of gloves
Will     .....                  (no boots)
Stlth    ++........             m - amulet of reflection
HPRegen  0.17/turn              (no ring)
MPRegen  0.10/turn              (no ring)

@: very slow
A: horns 1, thin metallic scales 1, foul stench 1
a: Renounce Religion, Bend Time


You were on level 4 of the Dungeon.
You worshipped Cheibriados.
Cheibriados was pleased with you.
You visited 1 branch of the dungeon, and saw 4 of its levels.

You collected 130 gold pieces.

Inventory:

Hand Weapons
 e - a +0 short sword of draining
Missiles
 i - a throwing net (quivered)
Armour
 b - a +0 ring mail (worn)
 n - a +0 pair of gloves (worn)
Jewellery
 m - an amulet of reflection (around neck)
Scrolls
 h - a scroll of teleportation
 j - 2 scrolls of enchant weapon {unknown}
Potions
 a - 2 potions of heal wounds
 c - a potion of degeneration {unknown}
 d - a potion of flight {unknown}
 f - 2 potions of ambrosia {unknown}
 g - a potion of resistance {unknown}
 k - a potion of lignification {unknown}
 l - 2 potions of mutation {unknown}


   Skills:
 + Level 5.0 Fighting
 - Level 4.0 Dodging
 - Level 2.0 Stealth
 + Level 4.5 Unarmed Combat


You had 5 spell levels left.
You didn't know any spells.
Your spell library contained the following spells:

 Spells                   Type           Power      Damage    Failure   Level
 Fireball                 Conj/Fire      0%         3d3       100%        5
 Iskenderun's Battlesphe  Conj           0%         2d6       100%        5
 Conjure Ball Lightning   Conj/Air       0%         3x3d6     100%        6
 Orb of Destruction       Conj           0%         N/A       100%        7


Dungeon Overview and Level Annotations

Branches:
Dungeon (4/15)
 Temple: D:4-7

Altars:
Cheibriados
Fedhas
Gozag
Makhleb

Shops:
D:3 (


Innate Abilities, Weirdness & Mutations

You have a pair of small horns on your head.
You are partially covered in thin metallic scales. (AC +2)
You may rarely emit foul miasma when damaged in melee.


Message History

Cheibriados thoroughly appreciates the change of pace.
You closely miss the phantom.
The phantom is almost destroyed.
The phantom hits you!
* * * LOW HITPOINT WARNING * * *
The phantom blinks!
You blink.
You hit the phantom.
The phantom is almost destroyed.
You hit the phantom but do no damage.
The phantom is almost destroyed.
You block the phantom's attack.
You hit the phantom but do no damage.
The phantom is almost destroyed.
The phantom hits you but does no damage.
You closely miss the phantom.
The phantom is almost destroyed.
The phantom barely misses you.
You closely miss the phantom.
The phantom is almost destroyed.
The phantom closely misses you.
You hit the phantom. Your headbutt misses the phantom.
The phantom is almost destroyed.
The phantom hits you.
* * * LOW HITPOINT WARNING * * *
You barely miss the phantom.
The phantom is almost destroyed.
The phantom hits you but does no damage.
Your ring mail prevents you from hitting the phantom.
You headbutt the phantom, but do no damage.
Your punch misses the phantom.
The phantom is almost destroyed.
The phantom hits you.
* * * LOW HITPOINT WARNING * * *
You closely miss the phantom.
The phantom is almost destroyed.
The phantom hits you but does no damage.
You hit the phantom but do no damage.
The phantom is almost destroyed.
The phantom hits you.
You die...

#########<#######
#.............[.###
#.######...#....... #
#......# ##...#)# ##.##.#
#§##)# #.##W# #†##@#
######.##........
#......#####.####
######.####.# # ###......#
#.# ..# .........## #.#
###.### ##........# #^#
#.....# #........###†##
#.....#
##.............###.....#####


You could see a phantom.

Vanquished Creatures
  A hound (D:4)
  3 iron imps
  Robin (D:1)
  4 gnolls (D:4)
  9 adders
  2 worms
  6 dart slugs
  An orc (D:3)
  5 ball pythons
  8 endoplasms
  3 giant cockroaches
  21 goblins
  8 hobgoblins
  8 jackals
  6 kobolds
  5 quokkas
  9 bats
  3 frilled lizards
  6 rats
109 creatures vanquished.

Vanquished Creatures (others)
  10 plants
10 creatures vanquished.

Grand Total: 119 creatures vanquished

Notes
Turn   | Place    | Note
-------+----------+-------------------------------------------
     0 | D:1      | inmateoo the Demonspawn Monk began the quest for the Orb.
     0 | D:1      | Reached XP level 1. HP: 18/18 MP: 1/1
   219 | D:1      | Found a faded altar of an unknown god.
   274 | D:1      | Gained mutation: You may rarely emit foul miasma when
                  | damaged in melee. [demonic ancestry]
   274 | D:1      | Reached XP level 2. HP: 13/24 MP: 2/2
   785 | D:1      | Gained mutation: You have a pair of small horns on your
                  | head. [demonic ancestry]
   785 | D:1      | Reached XP level 3. HP: 11/29 MP: 3/3
  1498 | D:2      | Noticed Robin
  1715 | D:1      | Killed Robin
  1975 | D:2      | Gained mutation: You are partially covered in thin metallic
                  | scales. (AC +2) [demonic ancestry]
  1975 | D:2      | Reached XP level 4. HP: 28/35 MP: 4/4
  2678 | D:2      | Reached skill level 4 in Fighting
  2956 | D:2      | Reached XP level 5. HP: 42/42 MP: 5/5
  3181 | D:3      | Found Toitsomm's Weapon Shoppe.
  3220 | D:3      | Found an opulent altar of Gozag.
  3416 | D:3      | Found a blossoming altar of Fedhas.
  3896 | D:3      | Found a burning altar of Makhleb.
  4176 | D:3      | Reached XP level 6. HP: 32/49 MP: 6/6
  4920 | D:4      | Found a snail-covered altar of Cheibriados.
  4938 | D:4      | Became a worshipper of Cheibriados the Contemplative
  4938 | D:4      | Reached * piety under Cheibriados
  4938 | D:4      | Reached ** piety under Cheibriados
  5090 | D:4      | Reached skill level 5 in Fighting
  5130 | D:4      | Slain by a phantom

Illustrated notes

Levels and vault maps discovered:
D:1:      roderic_crop_circles_arrival_small, layout_basic,
          shapermc_ecumenical_altar_gd
D:2:      minmay_recursive_quarters, layout_basic, uniq_robin
D:3:      layout_basic, fedhas_altar_2, demons_altar, lemuel_crystal_altar,
          serial_shops, shop, grunt_ministairs_10, kennysheep_nondescript,
          chequers_big_river, amcnicky_mini_corridor_feature
D:4:      layout_loops_corners, slow_altar_1, nicolae_dithmenos_the_darkroom,
          minmay_shop_enchanted_jewellery, hangedman_decor_slide_cut

Skill      XL: |  1  2  3  4  5  6 |
---------------+-------------------+-----
Stealth        | 2 |  2.0
Dodging        | 3 4 |  4.0
Unarmed Combat | 3 4 |  4.5
Fighting       | 4 5 |  5.0

Action                   |  1- 3 |  4- 6 || total
-------------------------+-------+-------++-------
Melee: Unarmed           |   145 |   291 ||   436
       Headbutt          |     9 |    50 ||    59
       Punch             |       |     4 ||     4
  Use: Scroll            |     2 |     3 ||     5
 Stab: Sleeping          |     2 |     7 ||     9
Armor: Ring mail         |    43 |    70 ||   113
       Robe              |     2 |       ||     2
Dodge: Dodged            |   113 |   153 ||   266
Block: Other             |       |    37 ||    37
